 Dungeon Crawl Stone Soup version 0.31-a0-117-g42d8f58691 (webtiles) character file.

Game seed: 11413376088960419165

19 IdlyInterested the Chiller (level 2, -2/22 HPs)
             Began as a Demonspawn Wanderer on May 30, 2023.
             Slain by a gnoll
             ... wielding a +0 flail
              (4 damage)
             ... on level 2 of the Dungeon.
             The game lasted 00:02:41 (1032 turns).

IdlyInterested the Chiller (Demonspawn Wanderer)    Turns: 1032, Time: 00:02:41

Health: -2/22      AC:  5    Str: 10    XL:     2   Next: 55%
Magic:  3/3        EV:  9    Int: 15    God:
Gold:   43         SH:  4    Dex: 12    Spells: 3/3 levels left

rFire   . . .        a - +0 dagger
rCold   . . .        d - +0 buckler
rNeg    . . .        j - +0 ring mail
rPois   .            (no helmet)
rElec   .            (no cloak)
rCorr   .            (no gloves)
SInv    .            (no boots)
Will    .....        (no amulet)
Stlth   +            (no ring)
HPRegen 0.23/turn    (no ring)
MPRegen 0.08/turn

%: no passive effects
@: no status effects
A: ignite blood 1
a: no special abilities


You were on level 2 of the Dungeon.
You visited 1 branch of the dungeon, and saw 2 of its levels.

You collected 43 gold pieces.

Inventory:

Hand Weapons
 a - a +0 dagger (weapon)
 m - a +0 mace
Missiles
 e - 2 stones (quivered)
 k - 6 boomerangs
Armour
 c - a +0 robe
 d - a +0 buckler (worn)
 j - a +0 ring mail (worn)
 n - a +0 leather armour
Scrolls
 f - 2 scrolls of identify {unknown}
 g - a scroll of enchant weapon {unknown}
 i - a scroll of immolation {unknown}
Potions
 b - a potion of attraction
 h - a potion of curing {unknown}
 l - a potion of resistance {unknown}
 o - a potion of haste {unknown}


   Skills:
 * Level 1.8 Fighting
 - Level 1.0 Armour
 + Level 0.0 Dodging
 - Level 1.0 Stealth
 - Level 1.7 Shields
 - Level 1.0 Spellcasting
 - Level 2.0 Conjurations
 - Level 2.6 Ice Magic
 - Level 1.0 Evocations


You had 3 spell levels left.
You didn't know any spells.
Your spell library contained the following spells:

 Spells                   Type           Power      Damage    Failure   Level
 Freeze                   Ice            32%        1d5       30%         1
 Magic Dart               Conj           24%        1d4       38%         1
 Ensorcelled Hibernation  Hex/Ice        8%         N/A       63%         2
 Hailstorm                Conj/Ice       7%         3d4       71%         3
 Storm Form               Tmut/Air       0%         N/A       100%        7
 Maxwell's Capacitive Co  Air            0%         ∞         100%        8


Dungeon Overview and Level Annotations

Branches:
Dungeon (2/15)

Altars:

Shops:
D:1 =


Innate Abilities, Weirdness & Mutations

Your demonic aura sometimes causes spilled blood to erupt in flames.


Message History

You hit the rat.
The rat is heavily wounded.
The rat bites you but does no damage.
You closely miss the rat.
The rat is heavily wounded.
You block the rat's attack.
You closely miss the rat.
The rat is heavily wounded.
The rat bites you.
You hit the rat.
You kill the rat!
You climb upwards.
There is a stone staircase leading down here.
HP restored.
There is a stone staircase leading down here.
You climb downwards.
The gnoll shouts!
You hear a shout!
A gnoll comes into view. It is wielding a +0 club.
A gnoll comes into view. It is wielding a +0 spear.
There is a stone staircase leading up here.
The gnoll shouts!
You hear a shout!
A gnoll comes into view. It is wielding a +0 whip.
Found 12 gold pieces.
You now have 43 gold pieces (gained 12).
Throw: 4 stones
Press: ? - help, Q - select action, (/) - cycle Shift-Dir - straight line, f - gnoll
Aim: a gnoll, wielding a +0 flail (60% to hit)
You throw a stone. The stone closely misses the gnoll.
Throw: 3 stones
Press: ? - help, Q - select action, (/) - cycle Shift-Dir - straight line, f/p - gnoll
Aim: a gnoll, wielding a +0 flail (60% to hit)
You throw a stone. The stone closely misses the gnoll.
You hit the gnoll but do no damage. The gnoll hits you with a +0 flail!
You hit the gnoll but do no damage. The gnoll hits you with a +0 flail.
You hit the gnoll but do no damage. The gnoll hits you with a +0 flail!
* * * LOW HITPOINT WARNING * * *
You hit the gnoll but do no damage. The gnoll hits you with a +0 flail.
* * * LOW HITPOINT WARNING * * *
You hit the gnoll but do no damage. The gnoll hits you with a +0 flail.
You die...

##########
#@ggg....#
#######.###+##
.............#
#########.#....#
. .....#.#....#
.g #.#.##.#g#
...#
....#.#.#....#
#+##
..gg.g.....#.#
###.#<.....#


You could see 3 gnolls.

Vanquished Creatures
  A ball python (D:1)
  3 endoplasms (D:1)
  2 goblins (D:1)
  2 kobolds (D:1)
  2 quokkas
  3 bats (D:1)
  A frilled lizard (D:1)
  3 rats
17 creatures vanquished.

Notes
Turn   | Place    | Note
-------+----------+-------------------------------------------
     0 | D:1      | IdlyInterested the Demonspawn Wanderer began the quest for
                  | the Orb.
     0 | D:1      | IdlyInterested set off with the following items: a +0
                  | dagger, a potion of attraction, a +0 robe, a +0 buckler;
                  | and the following spells available to memorise: Freeze,
                  | Magic Dart, Ensorcelled Hibernation, Hailstorm.
     0 | D:1      | Reached XP level 1. HP: 13/13 MP: 2/2
    46 | D:1      | Found Voku's One-of-a-Kind Rings.
   238 | D:1      | Reached skill level 1 in Fighting
   407 | D:1      | Gained mutation: Your demonic aura sometimes causes spilled
                  | blood to erupt in flames. [demonic ancestry]
   407 | D:1      | Reached XP level 2. HP: 12/21 MP: 3/3
   961 | D:2      | Reached skill level 1 in Armour
  1032 | D:2      | Slain by a gnoll

Illustrated notes

Levels and vault maps discovered:
D:1:      ebering_trefoil_twist, layout_basic, minmay_misc_feat_rugged,
          minivault_24, nicolae_shop_unique_rings
D:2:      layout_basic

Skill      XL: |  1  2 |
---------------+-------+-----
Fighting       | 1 |  1.8
Armour         | 1 |  1.0
Stealth        | |  1.0
Shields        | |  1.7
Spellcasting   | |  1.0
Conjurations   | |  2.0
Ice Magic      | |  2.6
Evocations     | |  1.0

Action                     || total
---------------------------++-------
  Melee: Dagger            ||    78
  Throw: Stone             ||     2
   Stab: Sleeping          ||     1
 Armour: Ring mail         ||    37
  Dodge: Dodged            ||    46
  Block: Buckler           ||    20

Table legend: (Time is in decaauts)
 A = Elapsed time spent in this place.
 B = Non-inter-level travel time spent in this place.
 C = Inter-level travel time spent in this place.
 D = Time resting spent in this place.
 E = Time spent auto-exploring this place.
 F = Levels seen in this place.
 G = Mean time per level.
                   A        B        C        D        E       F      G
               +--------+--------+--------+--------+--------+-----+--------+
         Total |   1037 |    956 |     81 |     75 |    623 |   2 |  518.5 |
       Dungeon |   1037 |    956 |     81 |     75 |    623 |   2 |  518.5 |
               +--------+--------+--------+--------+--------+-----+--------+

Top non-repeatable levels by time:
     D:1: 984 daAuts
     D:2: 52 daAuts
